 Dungeon Crawl Stone Soup version 0.32-a0-42-ga30500b4d3 (webtiles) character file.

Game seed: 16762443817283262922

1894 pokeman the Thaumaturge (level 8, -1/44 HPs)
             Began as a Deep Elf Hedge Wizard on Jan 31, 2024.
             Was an Initiate of Vehumet.
             Succumbed to poison
             ... on level 6 of the Dungeon.
             The game lasted 00:15:41 (7159 turns).

pokeman the Thaumaturge (Deep Elf Hedge Wizard)     Turns: 7159, Time: 00:15:42

Health: -1/44      AC:  2    Str:  7    XL:     8   Next: 93%
Magic:  12/24      EV: 13    Int: 22    God:    Vehumet [......]
Gold:   305        SH:  5    Dex: 14    Spells: 11/28 levels left

rFire   . . .        o - +2 long sword (holy)
rCold   . . .        (no shield)
rNeg    . . .        b - +0 robe
rPois   .            c - +0 hat
rElec   .            (no cloak)
rCorr   .            (no gloves)
SInv    .            (no boots)
Will    .....        w - amulet of reflection
Stlth   ++           (no ring)
HPRegen 0.27/turn    (no ring)
MPRegen 0.19/turn

%: reflection
@: lethally poisoned (-1 -> -23), very slightly contaminated
A: no striking features
a: Renounce Religion


You were on level 6 of the Dungeon.
You worshipped Vehumet.
Vehumet was noncommittal.
You visited 2 branches of the dungeon, and saw 7 of its levels.

You collected 305 gold pieces.

Inventory:

Hand Weapons
 o - a +2 long sword of holy wrath (weapon)
Missiles
 u - a curare-tipped dart
 v - a throwing net
Armour
 b - a +0 robe (worn)
 c - a +0 hat (worn)
Jewellery
 w - an amulet of reflection (around neck)
Wands
 s - a wand of acid (10)
Scrolls
 g - 6 scrolls of teleportation {unknown}
 h - a scroll of immolation {unknown}
 l - a scroll of summoning {unknown}
 m - a scroll of enchant weapon {unknown}
 p - a scroll of identify {unknown}
 q - 2 scrolls of blinking {unknown}
 t - a scroll of noise {unknown}
 x - a scroll of vulnerability {unknown}
Potions
 a - 2 potions of might {unknown}
 d - a potion of magic
 e - 2 potions of degeneration {unknown}
 f - 4 potions of heal wounds {unknown}
 i - 3 potions of mutation {unknown}
 j - a potion of haste {unknown}
 k - 5 potions of curing {unknown}
 n - a potion of lignification {unknown}
 r - 2 potions of brilliance {unknown}


   Skills:
 - Level 2.0 Fighting
 + Level 3.2 Armour
 - Level 3.0 Dodging
 - Level 3.1 Stealth
 * Level 10.6 Spellcasting
 + Level 5.6 Conjurations
 - Level 1.1 Summonings
 - Level 1.1 Translocations
 + Level 4.2 Fire Magic
 - Level 1.0 Ice Magic
 - Level 1.1 Air Magic
 - Level 1.0 Alchemy


You had 11 spell levels left.
You knew the following spells:

 Your Spells              Type           Power      Damage    Failure   Level
a - Magic Dart            Conj           100%       1d8       1%          1
b - Mephitic Cloud        Conj/Alch/Air  23%        N/A       6%          3
c - Call Imp              Summ           32%        N/A       5%          2
d - Blink                 Tloc           32%        N/A       5%          2
e - Ignite Poison         Fire/Alch      23%        N/A       19%         4
f - Freezing Cloud        Conj/Ice/Air   11%        6-21      47%         5

Your spell library contained the following spells:

 Spells                   Type           Power      Damage    Failure   Level
 Dazzling Flash           Conj/Hex       48%        N/A       5%          3
 Volatile Blastmotes      Fire/Tloc      46%        2d13      5%          3
 Slow                     Hex            44%        N/A       6%          1
 Cigotuvi's Dreadful Rot  Necr/Alch/Air  28%        N/A       6%          2
 Ensorcelled Hibernation  Hex/Ice        28%        N/A       7%          2
 Summon Ice Beast         Ice/Summ       16%        N/A       11%         3
 Fugue of the Fallen      Necr           11%        N/A       17%         3
 Anguish                  Hex/Necr       5%         N/A       50%         4
 Starburst                Conj/Fire      16%        6d6       75%         6
 Silence                  Hex/Air        7%         N/A       77%         5
 Summon Mana Viper        Hex/Summ       14%        N/A       77%         5
 Curse of Agony           Necr           11%        N/A       85%         5
 Monstrous Menagerie      Summ           8%         N/A       100%        7
 Maxwell's Capacitive Co  Air            8%         ∞         100%        8


Dungeon Overview and Level Annotations

Branches:
Dungeon (6/15)             Temple (1/1) D:6

Altars:
Ashenzari
Dithmenos
Elyvilon
Fedhas
Gozag
Kikubaaqudgha
Makhleb
Nemelex Xobeh
Qazlal
Ru
Sif Muna
Uskayaw
Vehumet
Wu Jian
Xom
Yredelemnul
The Shining One

Shops:
D:2 =


Message History

You swap places.
The ice beast hits your cerulean imp but does no damage.
Your cerulean imp barely misses the ice beast.
The ice beast hits your cerulean imp.
The ice beast freezes your cerulean imp!
Your cerulean imp barely misses the ice beast.
Casting: Call Imp (safe; 5% risk of failure)
Confirm with . or Enter, or press ? or * to list all spells.
Aiming: Mephitic Cloud (dangerous; 6% risk of failure)
Press: ? - help, Shift-Dir - straight line, f - cerulean imp
Aim: a cerulean imp, wielding a -3 spear (severely wounded, summoned, friendly, not susceptible)
The ball explodes into a vile cloud!
The stinking cloud engulfs your cerulean imp.
Your cerulean imp is severely wounded.
The stinking cloud engulfs the ice beast.
The ice beast is moderately wounded.
The ice beast misses your cerulean imp.
Your cerulean imp hits the ice beast with a -3 spear.
Unknown command.
Casting: Mephitic Cloud (dangerous; 6% risk of failure)
Confirm with . or Enter, or press ? or * to list all spells.
Aiming: Mephitic Cloud (dangerous; 6% risk of failure)
Press: ? - help, Shift-Dir - straight line, f/p - cerulean imp
Aim: a cerulean imp, wielding a -3 spear (noxious fumes, severely wounded, summoned, friendly, not susceptible)
The ball explodes into a vile cloud!
The stinking cloud engulfs your cerulean imp.
Your cerulean imp is severely wounded.
The stinking cloud engulfs the ice beast.
The ice beast is moderately wounded.
The ice beast closely misses your cerulean imp.
Your cerulean imp hits the ice beast with a -3 spear.
Unknown command.
Unknown command.
Casting: Mephitic Cloud (dangerous; 6% risk of failure)
Confirm with . or Enter, or press ? or * to list all spells.
You miscast Ignite Poison.
You are very lightly contaminated with residual magic.
Parts of your body briefly turn golden.
You are lethally poisoned!
You die...

..... .... ... ..
. .## ... #.#
.....##§####
#.....gY5§@#
......##§§.# .#
.....##...## .##
.... #...## ..#
##.. #..## ...
##..# ##..#
.........##..#####
..... ...###.#...#
.....###.###.....#


You could see an ice beast (ally target), a gnoll and a friendly cerulean imp
(summoned).

Vanquished Creatures
  A centaur (D:6)
  3 phantoms
  Blork the orc (D:6)
  A kobold brigand (D:6)
  5 scorpions
  8 hounds (D:6)
  An orc priest (D:6)
  3 jellies
  2 gnoll boudas
  2 sleepcaps (D:5)
  Natasha (thrice) (D:4)
  Terence (D:3)
  An iguana (D:6)
  3 orc wizards (D:6)
  26 gnolls
  4 adders
  A white imp (D:6)
  2 ufetubi (D:5)
  9 dart slugs
  9 orcs
  3 ball pythons
  7 endoplasms
  3 giant cockroaches
  9 goblins
  11 hobgoblins
  6 jackals
  13 kobolds
  3 quokkas
  9 bats
  4 frilled lizards
  20 rats
174 creatures vanquished.

Vanquished Creatures (collateral kills)
  A sleepcap (D:4)
1 creature vanquished.

Grand Total: 175 creatures vanquished

Notes
Turn   | Place    | Note
-------+----------+-------------------------------------------
     0 | D:1      | pokeman the Deep Elf Hedge Wizard began the quest for the
                  | Orb.
     0 | D:1      | Reached XP level 1. HP: 10/10 MP: 7/7
   313 | D:1      | Reached XP level 2. HP: 16/16 MP: 4/9
   637 | D:1      | Reached skill level 5 in Spellcasting
   810 | D:1      | Reached XP level 3. HP: 20/20 MP: 5/11
   814 | D:1      | Learned a level 3 spell: Mephitic Cloud
   817 | D:1      | Learned a level 2 spell: Call Imp
   820 | D:1      | Learned a level 2 spell: Blink
  1069 | D:2      | Found Pasimak's Jewellery Boutique.
  1289 | D:2      | Found a white marble altar of Elyvilon.
  1413 | D:2      | Reached skill level 1 in Fighting
  1413 | D:2      | Reached skill level 1 in Armour
  1820 | D:2      | Reached XP level 4. HP: 25/25 MP: 8/13
  2606 | D:3      | Noticed Terence
  2620 | D:3      | Killed Terence
  2673 | D:3      | Reached skill level 6 in Spellcasting
  2673 | D:3      | Reached XP level 5. HP: 19/29 MP: 7/15
  2742 | D:3      | Found a glowing golden altar of the Shining One.
  2945 | D:3      | Found a sparkling altar of Nemelex Xobeh.
  3219 | D:3      | Found a sacrificial altar of Ru.
  3222 | D:3      | Found an opulent altar of Gozag.
  3226 | D:3      | Found a hide-covered altar of Uskayaw.
  3496 | D:4      | Reached skill level 1 in Alchemy
  3561 | D:4      | Reached skill level 1 in Air Magic
  3561 | D:4      | Reached XP level 6. HP: 15/34 MP: 6/17
  3615 | D:4      | Noticed Natasha
  3620 | D:4      | Killed Natasha
  3624 | D:4      | Noticed Natasha
  3634 | D:4      | Killed Natasha
  3635 | D:4      | Reached skill level 7 in Spellcasting
  4055 | D:4      | Learned a level 4 spell: Ignite Poison
  4061 | D:4      | Learned a level 5 spell: Freezing Cloud
  4300 | D:4      | Reached skill level 1 in Fire Magic
  4300 | D:4      | Reached skill level 1 in Ice Magic
  4300 | D:4      | Reached XP level 7. HP: 39/39 MP: 12/20
  4539 | D:4      | Noticed Natasha
  4553 | D:4      | Killed Natasha
  4565 | D:4      | Reached skill level 8 in Spellcasting
  4970 | D:5      | Entered Level 5 of the Dungeon
  5766 | D:5      | Found a basalt altar of Yredelemnul.
  5870 | D:5      | Reached XP level 8. HP: 27/44 MP: 17/22
  5990 | D:6      | Reached skill level 9 in Spellcasting
  6102 | D:6      | Found a blossoming altar of Fedhas.
  6119 | D:6      | Noticed Blork the orc
  6145 | D:6      | Killed Blork the orc
  6343 | D:6      | Reached skill level 5 in Conjurations
  6576 | D:6      | Reached skill level 10 in Spellcasting
  6845 | D:6      | Found a staircase to the Ecumenical Temple.
  6854 | Temple   | Entered the Ecumenical Temple
  6896 | Temple   | Became a worshipper of Vehumet
  7159 | D:6      | Succumbed to poison

Illustrated notes

Levels and vault maps discovered:
D:1:      wheals_arrival_shading, layout_basic
D:2:      layout_loops_ring, serial_bayou, serial_bayou_crossing,
          serial_bayou_lagoon_a, serial_bayou_shore_a, serial_bayou_pond_c,
          serial_shops, nicolae_shop_waterfront, basic_altar
D:3:      layout_basic, nemelex_dance_club_becter,
          grunt_temple_overflow_diamond, mainiacjoe_overflow_catwalk,
          grunt_decor_fettered, minmay_rat_hole, uniq_terence
D:4:      layout_loops_ring, uniq_natasha
D:5:      layout_basic, mainiacjoe_overflow_alcove_2, hangedman_decor_riveting,
          kennysheep_diamond
D:6:      layout_cave_pools, mainiacjoe_overflow_cross_hatched,
          minmay_temple_entry_junction, serial_gnoll_camp,
          gnoll_camp_mini_doghouse, gnoll_camp_mini_doghouse,
          gnoll_camp_mini_shop, gnoll_camp_mini_loothouse, gnoll_camp_medium_01,
          uniq_blork_the_orc
Temple:   hellmonk_temple_beads

Skill      XL: |  1  2  3  4  5  6  7  8 |
---------------+-------------------------+-----
Spellcasting   | 5 6 7 8 10 | 10.6
Fighting       | 1 2 |  2.0
Armour         | 1 2 3 |  3.2
Conjurations   | 2 3 4 5 |  5.6
Dodging        | 3 |  3.0
Stealth        | 3 |  3.1
Alchemy        | 1 |  1.0
Air Magic      | 1 |  1.1
Fire Magic     | 1 2 4 |  4.2
Ice Magic      | 1 |  1.0
Summonings     | |  1.1
Translocations | |  1.1

Action                     |  1- 3 |  4- 6 |  7- 9 || total
---------------------------+-------+-------+-------++-------
  Melee: Dagger            |     5 |    20 |       ||    25
         Long sword        |       |    32 |    93 ||   125
         Punch             |       |       |     3 ||     3
   Cast: Magic Dart        |   100 |   132 |   124 ||   356
         Mephitic Cloud    |       |     4 |    29 ||    33
         Call Imp          |       |     2 |     3 ||     5
         Blink             |       |     1 |     1 ||     2
         Ignite Poison     |       |       |     3 ||     3
   Stab: Confused          |       |     5 |    12 ||    17
         Distracted        |       |     1 |       ||     1
 Armour: Robe              |    12 |    23 |    73 ||   108
  Dodge: Dodged            |    22 |    27 |    81 ||   130
  Block: Other             |       |       |     8 ||     8

Table legend: (Time is in decaauts)
 A = Elapsed time spent in this place.
 B = Non-inter-level travel time spent in this place.
 C = Inter-level travel time spent in this place.
 D = Time resting spent in this place.
 E = Time spent auto-exploring this place.
 F = Levels seen in this place.
 G = Mean time per level.
                   A        B        C        D        E       F      G
               +--------+--------+--------+--------+--------+-----+--------+
         Total |   7266 |   7067 |    199 |    144 |   5841 |   7 | 1038.0 |
       Dungeon |   7183 |   7060 |    123 |    144 |   5841 |   6 | 1197.2 |
        Temple |     82 |      6 |     76 |      0 |      0 |   1 |   82.0 |
               +--------+--------+--------+--------+--------+-----+--------+

Top non-repeatable levels by time:
     D:4: 1620 daAuts
     D:2: 1235 daAuts
     D:6: 1156 daAuts
     D:3: 1122 daAuts
     D:1: 1069 daAuts
     D:5: 980 daAuts
  Temple: 82 daAuts
